 Dungeon Crawl Stone Soup version 0.21.1-1-g345015f (webtiles) character file.

192 Fang the Chopper (level 5, 0/49 HPs)
             Began as a Gargoyle Berserker on June 11, 2018.
             Was a Believer of Trog.
             Slain by an adder (3 damage)
             ... on level 3 of the Dungeon.
             The game lasted 00:02:27 (2157 turns).

Fang the Chopper (Gargoyle Berserker)               Turns: 2157, Time: 00:02:28

Health: 0/49       AC:  6    Str: 27    XL:     5   Next: 71%
Magic:  5/5        EV: 12    Int:  7    God:    Trog [**....]
Gold:   74         SH:  0    Dex:  9    Spells: 4/4 levels left

rFire    . . .     SeeInvis .   a - +0 hand axe
rCold    . . .     Gourm    .   (no shield)
rNeg     + . .     Faith    .   b - +0 animal skin
rPois    ∞         Spirit   .   (no helmet)
rElec    +         Reflect  .   (no cloak)
rCorr    .         Harm     .   (no gloves)
MR       .....                  (no boots)
Stlth    ..........             (no amulet)
HPRegen  0.16/turn              (no ring)
MPRegen  0.09/turn              (no ring)

@: berserking, very quick
A: negative energy resistance 1, electricity resistance, unbreathing,
petrification resistance, rot immunity, AC +4
a: Berserk, Trog's Hand, Burn Spellbooks, Renounce Religion


You were on level 3 of the Dungeon.
You worshipped Trog.
Trog was pleased with you.
You were not hungry.

You visited 1 branch of the dungeon, and saw 3 of its levels.

You collected 74 gold pieces.

Inventory:

Hand Weapons
 a - a +0 hand axe (weapon)
Armour
 b - a +0 animal skin (worn)
Jewellery
 d - a cursed ring of teleportation {unknown}
Scrolls
 e - a scroll of enchant armour {unknown}
 f - 2 scrolls of teleportation {unknown}
 h - a scroll of random uselessness {unknown}
 i - 2 scrolls of noise {unknown}
 j - 4 scrolls of amnesia {unknown}
 m - 3 scrolls of identify {unknown}
Potions
 g - 2 potions of might {unknown}
 k - a potion of degeneration {unknown}
 l - a potion of haste {unknown}
 n - a potion of brilliance {unknown}
Comestibles
 c - 3 rations


   Skills:
 + Level 4.2 Fighting
 + Level 4.3 Axes
 + Level 2.2 Armour
 + Level 2.6 Dodging
 + Level 1.3 Stealth


You had 4 spell levels left.
You didn't know any spells.

Dungeon Overview and Level Annotations

Branches:
Dungeon (3/15)

Altars:
Uskayaw


Innate Abilities, Weirdness & Mutations

You are resistant to torment.
Your stone body is resilient. (AC +4)
You are immune to poison.
You resist negative energy. (rN+)
You are resistant to electric shocks. (rElec)
You can survive without breathing.
You are immune to petrification.
You are immune to rotting.


Message History

The orc completely misses you. The adder misses you.
Unknown command.
You barely miss the adder.
The adder is severely wounded.
You slash the orc!
You kill the orc!
Trog accepts your kill.
You slash the orc!
You kill the orc!
Trog accepts your kill.
You closely miss the adder.
The adder is severely wounded.
You hit the orc priest. The adder completely misses you.
The orc priest invokes the aid of Beogh against you.
Beogh smites you!
* * * LOW HITPOINT WARNING * * *
You miss the adder.
The adder is severely wounded.
You hit the orc priest. The adder bites you.
You die...

#..# #### #..# ....r #..#
......#..# ......#..#
......#..# ......#†.# ..
#..# #..S@.######## .. #..#
##.o).#........ .. .##..#
#............. .. ....#
###...#<.#...... ..
#...##.##...##....≈...
.#####......##...##...≈≈≈≈≈
.....................≈≈≈≈≈≈
...........#######....≈≈≈≈≈
...........# ### #.)...≈.≈.


You could see an orc priest and an adder.

Vanquished Creatures
  The ghost of wotkd0121004 the Digger, an amateur OpEE (D:3)
  4 adders
  An ooze (D:1)
  5 dart slugs
  2 leopard geckos (D:1)
  5 orcs (D:3)
  A ball python (D:2)
  4 giant cockroaches
  4 goblins
  5 hobgoblins
  4 jackals (D:1)
  2 quokkas (D:2)
  7 bats
  6 frilled lizards
  5 kobolds
  10 rats
66 creatures vanquished.

Notes
Turn   | Place    | Note
-------+----------+-------------------------------------------
     0 | D:1      | Fang the Gargoyle Berserker began the quest for the Orb.
     0 | D:1      | Reached XP level 1. HP: 14/14 MP: 1/1
   170 | D:1      | Reached XP level 2. HP: 14/19 MP: 2/2
   595 | D:1      | Reached XP level 3. HP: 17/24 MP: 3/3
  1021 | D:1      | Reached ** piety under Trog
  1323 | D:2      | Reached XP level 4. HP: 23/29 MP: 4/4
  1346 | D:2      | HP: 2/43 [adder (1)]
  2045 | D:3      | Found a hide-covered altar of Uskayaw.
  2050 | D:3      | Noticed wotkd0121004's ghost (amateur OpEE)
  2054 | D:3      | Reached skill level 1 in Stealth
  2065 | D:3      | Killed wotkd0121004's ghost
  2065 | D:3      | Reached XP level 5. HP: 33/33 MP: 5/5
  2157 | D:3      | Slain by an adder

Skill      XL: |  1  2  3  4 |
---------------+-------------+-----
Axes           | 3 4 |  4.3
Dodging        | 2 |  2.6
Stealth        | 1 |  1.3
Fighting       | 4 |  4.2
Armour         | |  2.2

Action                   |  1- 3 |  4- 6 || total
-------------------------+-------+-------++-------
Melee: Hand axe          |   120 |    85 ||   205
Invok: Berserk           |       |     3 ||     3
 Stab: Sleeping          |       |     1 ||     1
  Eat: Chunk             |     1 |     3 ||     4
       Ration            |       |     1 ||     1
Armor: Animal skin       |    47 |    42 ||    89
Dodge: Dodged            |   107 |    66 ||   173
